Map: Eternal Empire LE

Players

Ratl

  • Race: Protoss Protoss
  • League: Silver
  • Spawn Location: 7:00

agamenon - Winner!

  • Race: Zerg Zerg
  • League: Gold
  • Spawn Location: 1:00

VOD

Have the link to the VOD?

Description

Time

  • Played on: Feb. 3, 2020, 12:05 p.m.
  • Length: 2:38
Show
View Real Time Build Order
Export as new Build Order

Ratl Protoss 

Build Orders:  

Get SALT Encoding   

  12  0:03  Probe  
  13  0:15  Probe  
  13  0:18  Pylon  
  14  0:27  Probe (Chrono Boost)  
  15  0:30  Assimilator  
  15  0:38  Probe (Chrono Boost)  
  16  0:51  Gateway  
  16  0:53  Probe  
  17  1:05  Probe  
  18  1:16  Assimilator  
  18  1:17  Probe  
  19  1:21  Pylon  
  19  1:29  Probe  
  19  1:40  Gateway  
  19  1:41  Probe  
  19  1:42  Cybernetics Core  
  20  1:53  Probe  
  21  2:05  Probe  
  22  2:17  Probe  
Show
View Real Time Build Order
Export as new Build Order

agamenon Zerg - Winner!

Build Orders: Pool Only 

Get SALT Encoding   

  12  0:24  Spawning Pool  
  12  0:27  Extractor  
  10  0:28  Drone  
  10  0:30  Drone  
  12  0:40  Overlord  
  12  1:12  Zergling x2  
  12  1:13  Zergling x4  
  15  1:25  Zergling x2  
  15  1:27  Queen  
  18  1:39  Zergling x2  
  19  1:51  Overlord  
  19  1:57  Zergling x2  
  20  2:17  Zergling x2  
Tags
 
Add a new tag
Caveats
  • Supply blocks, unpowered buildings, or Contaminate may cause inaccurate times.
  • Supply counts are checked every 10 seconds.